[Event "Late-Titled-Tuesday-Blitz-April-30-2024"]
[Site "Chess.com"]
[Date "2024.04.30"]
[Round "11"]
[White "Hudijegszid"]
[Black "LeninGuerra"]
[Result "1/2-1/2"]
[WhiteElo "2493"]
[BlackElo "2662"]
[TimeControl "180+1"]
[EndTime "16:05:14 PDT"]
[Termination "Game drawn - insufficient material"]

1. Nf3 c5 2. g3 e6 3. Bg2 Nf6 4. O-O d5 5. d4 Nc6 6. c4 cxd4 7. cxd5 Qxd5 8. Nxd4 Qd7 9. Nxc6 bxc6 10. Qa4 Bb7 11. Rd1 Qc7 12. Bf4 Qb6 13. Nd2 Nd5 14. Nc4 Qb5 15. Qxb5 cxb5 16. Na5 Ba6 17. Bxd5 exd5 18. Rxd5 Be7 19. Nc6 Bf6 20. Nb4 Bc8 21. Rxb5 Bxb2 22.
Rb1 Bf6 23. Nd5 O-O 24. Nc7 Bd7 25. Nxa8 Bxb5 26. Rxb5 Rxa8 27. e4 a6 28. Rb7 g5 29.
e5 gxf4 30. exf6 fxg3 31. hxg3 a5 32. a4 h6 33. Rb5 Kh7 34. Rb6 Kg6 35. Kg2 Rc8 36.
Ra6 Rc5 37. g4 Kg5 38. Kg3 Kg6 39. f4 h5 40. Kh4 hxg4 41. Kxg4 Rd5 42. Rb6 Rd4 43.
Rb5 Rxa4 44. Rb6 Ra1 45. Ra6 a4 46. f5+ Kh6 47. Kf4 a3 48. Ke5 a2 49. Kd6 Rd1+ 50.
Ke7 a1=Q 51. Rxa1 Rxa1 52. Kxf7 Rf1 53. Kg8 Rxf5 54. f7 Rg5+ 55. Kh8 Rf5 56. Kg8 Kg6 57. f8=Q Rxf8+ 58. Kxf8 1/2-1/2

[Event "Late-Titled-Tuesday-Blitz-April-30-2024"]
[Site "Chess.com"]
[Date "2024.04.30"]
[Round "11"]
[White "dealshark"]
[Black "Rytenko_V"]
[Result "0-1"]
[WhiteElo "2322"]
[BlackElo "2496"]
[TimeControl "180+1"]
[EndTime "16:05:15 PDT"]
[Termination "Rytenko_V won by checkmate"]

1. e4 c5 2. Nf3 Nc6 3. d4 cxd4 4. Nxd4 Nf6 5. Nc3 e5 6. Ndb5 d6 7. Bg5 a6 8. Na3 b5 9. Nd5 Be7 10. Bxf6 Bxf6 11. c3 Bg5 12. Nc2 Ne7 13. Nce3 O-O 14. h4 Bxe3 15. Nxe3 Be6 16. a4 bxa4 17. Rxa4 a5 18.
Bc4 Qd7 19. b3 Qc6 20. f3 Qc5 21. Qd3 Ng6 22. g3 Rad8 23. h5 Ne7 24. h6 g6 25.
Bd5 Bxd5 26. exd5 f5 27. Ke2 e4 28. fxe4 fxe4 29. Rxe4 Rde8 30. Rhh4 Nf5 31. Nxf5 gxf5 32. Re6 Rxe6+ 33. dxe6 Re8 34. Qd4 Rxe6+ 35. Kd3 Qb5+ 36. Qc4 Qe5 37. Qc8+ Re8 38. Qc4+ Kf8 39. Qf4 Qe2+ 40. Kd4 Re4+ 41. Qxe4 fxe4 42. Rxe4 Qd2+ 43. Kc4 Qxh6 44.
Rf4+ Ke7 45. Re4+ Kd7 46. Kb5 Qg5+ 47. Ka4 Qxg3 48. Rc4 Qe5 49. b4 axb4 50. cxb4 h5 51. b5 Qa1+ 52. Kb4 Qb2+ 53. Ka5 Qa3+ 54. Ra4 Qe3 55. b6 Qc5+ 56. Ka6 Kc6 57. Ka7 Qxb6+ 58. Ka8 Qb7# 0-1

[Event "Late-Titled-Tuesday-Blitz-April-30-2024"]
[Site "Chess.com"]
[Date "2024.04.30"]
[Round "11"]
[White "Jakhongir-Vakhidov"]
[Black "HansOnTwitch"]
[Result "1/2-1/2"]
[WhiteElo "2775"]
[BlackElo "3167"]
[TimeControl "180+1"]
[EndTime "16:05:17 PDT"]
[Termination "Game drawn by repetition"]

1. d4 Nf6 2. Nf3 e6 3. e3 b6 4. Nbd2 Bb7 5. Bd3 c5 6. b3 Nc6 7. Bb2 Be7 8. O-O O-O 9. a3 d5 10. Ne5 Rc8 11. f4 cxd4 12. exd4 Nxe5 13. dxe5 Bc5+ 14.
Kh1 Ne4 15. Qe1 Be7 16. Nxe4 dxe4 17. Bxe4 Bxe4 18. Qxe4 Qd2 19. Rac1 Rfd8 20. f5 Qd5 21. Qe2 exf5 22. Rxf5 Qd2 23. Rf2 Bg5 24. Qf1 Qxf2 25.
Qxf2 Bxc1 26. Bd4 Bb2 27. e6 fxe6 28. c3 Bxc3 29. Bxc3 Rd1+ 30. Be1 Rcc1 31. h3 Rxe1+ 32.
Kh2 Rh1+ 33. Kg3 Rc3+ 34. Kh4 Rd1 35. Qf4 Rc8 36. Qa4 h6 37. Qxa7 Rd4+ 38. Kg3 Rc3+ 39. Kh2 Rxb3 40. Qe7 Re4 41. Qd8+ Kh7 42. Qd2 Rxa3 43.
Qb2 Rd3 44. Qxb6 Re2 45. Qb1 Rd2 46. Qe1 Rd6 47. Qe4+ Kg8 48. Qa8+ Kf7 49. Qf3+ Ke7 50. Qg4 Kf6 51. Qf3+ Kg6 52. Qg4+ Kh7 53. Qe4+ g6 54. Qe5 R2d5 55. Qf6 h5 56. Qf7+ Kh6 57. Qf8+ Kh7 58. Qf7+ Kh6 59. Qf8+ Kh7 60. Qf7+ 1/2-1/2

[Event "Late-Titled-Tuesday-Blitz-April-30-2024"]
[Site "Chess.com"]
[Date "2024.04.30"]
[Round "11"]
[White "rdarruda"]
[Black "BardArtem"]
[Result "0-1"]
[WhiteElo "2551"]
[BlackElo "2776"]
[TimeControl "180+1"]
[EndTime "16:05:18 PDT"]
[Termination "BardArtem won on time"]

1. d4 d5 2. Nf3 Nf6 3. c4 e6 4. e3 h6 5. Nc3 Bd6 6. Bd3 dxc4 7. Bxc4 O-O 8. e4 Bb4 9. e5 Nd5 10. Bd2 Bxc3 11. bxc3 b6 12. O-O Ba6 13. Bxa6 Nxa6 14. Qe2 Nb8 15. c4 Ne7 16. Qe4 Nbc6 17. Rad1 Qd7 18.
Bc3 Rad8 19. Rd2 Nb8 20. Rfd1 Qc6 21. Qe2 Rd7 22. Bb4 Rfd8 23. Bxe7 Rxe7 24. d5 exd5 25.
cxd5 Qe8 26. h3 Nd7 27. d6 cxd6 28. Rxd6 Rc8 29. R1d5 Nc5 30. Qd1 Ne6 31. Rd7 Rxd7 32. Rxd7 Rd8 33. Rxd8 Qxd8 34. Qa4 Qc7 35. Qe4 Qc1+ 36.
Ne1 Nc5 37. Qe3 Qxe3 38. fxe3 Nd7 39. Nf3 Kf8 40. Kf2 Ke7 41. Ke2 Nc5 42. Nd4 Kd7 43.
Kf3 a6 44. h4 h5 45. g4 hxg4+ 46. Kxg4 b5 47. Kf3 b4 48. Ke2 a5 49. Kd2 g6 50. Kc2 a4 51. Kd2 b3 52. a3 Ne6 53.
Nb5 Kc6 54. Nc3 Nc5 55. Ke2 Kd7 56. Kd2 Ke6 57. Nb5 Kxe5 58. Kc3 f6 59. Kb4 Ne4 0-1

[Event "Late-Titled-Tuesday-Blitz-April-30-2024"]
[Site "Chess.com"]
[Date "2024.04.30"]
[Round "11"]
[White "DominguezOnYoutube"]
[Black "BogdanDeac"]
[Result "0-1"]
[WhiteElo "2970"]
[BlackElo "3090"]
[TimeControl "180+1"]
[EndTime "16:05:21 PDT"]
[Termination "BogdanDeac won by resignation"]

1. e4 e5 2. Nf3 Nc6 3. Bb5 a6 4. Ba4 Nf6 5. O-O Bc5 6. c3 b5 7. Bb3 d6 8. d4 Bb6 9. Re1 h6 10. Be3 O-O 11. h3 Re8 12. Nbd2 Rb8 13. a3 Na5 14. Ba2 c5 15. b4 cxd4 16. cxd4 Nc6 17. dxe5 dxe5 18. Rc1 Bd7 19. Nb3 Bxe3 20. Rxe3 Be6 21.
Qc2 Rc8 22. Nc5 Bxa2 23. Qxa2 a5 24. Rd3 Qe7 25. Qd2 axb4 26. axb4 Red8 27. Rxd8+ Rxd8 28. Qc3 Rc8 29. Qd2 Rd8 30. Qc3 Rc8 31. Qd2 Ne8 32.
Qb2 Nd6 33. Nd3 Nc4 34. Qc3 f6 35. Nc5 Nxb4 36. Qxb4 Qxc5 37. Qb3 Kh7 38. Rb1 Rb8 39. Nh4 Nd2 40. Qf7 Nxb1 41. Qg6+ Kh8 42. Qf5 Qd6 43. Qg6 Qd7 44. Nf5 Rf8 45. Qh5 Qf7 46. Qg4 Nc3 47.
Nh4 Kg8 48. Qf5 b4 49. Ng6 Re8 50. Nh4 b3 51. Qg4 b2 52. Nf5 b1=Q+ 53. Kh2 Qc1 54. g3 Qd2 55. Kg2 Nd1 56. Qf3 Qxf2+ 57. Qxf2 Nxf2 58.
Kxf2 Rd8 0-1

[Event "Late-Titled-Tuesday-Blitz-April-30-2024"]
[Site "Chess.com"]
[Date "2024.04.30"]
[Round "11"]
[White "laskakid"]
[Black "JonasEilenberg"]
[Result "0-1"]
[WhiteElo "2413"]
[BlackElo "2563"]
[TimeControl "180+1"]
[EndTime "16:05:21 PDT"]
[Termination "JonasEilenberg won on time"]

1. e4 c5 2. Nf3 Nc6 3. d3 d6 4. g3 g6 5. Bg2 Bg7 6. O-O e5 7. Nc3 Nge7 8. Nd2 O-O 9. Nc4 Rb8 10. a4 Nd4 11. f4 Be6 12. Nd5 exf4 13. Bxf4 Bxd5 14. exd5 Nc8 15. Bh3 Nf5 16. Bxf5 gxf5 17. Qh5 Qf6 18. c3 Qg6 19. Qxg6 fxg6 20. Nxd6 Rd8 21.
Nb5 Ra8 22. Nc7 Rb8 23. Ne6 Nb6 24. Nxd8 Rxd8 25. d6 Nd5 26. Rae1 Kf7 27. Be5 Bxe5 28. Rxe5 Rxd6 29. Rfe1 b6 30. Kf2 Rd7 31. Kf3 Nf6 32.
Rd1 Ng4 33. Re2 Nf6 34. d4 cxd4 35. Rxd4 Rc7 36. h3 Ne4 37. g4 Ng5+ 38. Kg3 Ne4+ 39. Kf4 Nc5 40. gxf5 gxf5 41. Kxf5 Rc6 42. b4 Rf6+ 43.
Kg4 Rg6+ 44. Kf3 Nxa4 45. Rd7+ Kf8 46. Rxa7 Nxc3 47. Rc2 Rf6+ 48. Kg4 Rc6 49. Ra3 Rc4+ 50. Kh5 Rxb4 51. Raxc3 Rb5+ 52. Kh6 Rb4 53. Rc8+ Kf7 54.
R2c7+ Kf6 55. Kxh7 Rh4+ 56. Kg8 Rxh3 0-1

[Event "Late-Titled-Tuesday-Blitz-April-30-2024"]
[Site "Chess.com"]
[Date "2024.04.30"]
[Round "11"]
[White "zacachess"]
[Black "IMRosen"]
[Result "0-1"]
[WhiteElo "2369"]
[BlackElo "2659"]
[TimeControl "180+1"]
[EndTime "16:05:22 PDT"]
[Termination "IMRosen won on time"]

1. e4 e5 2. Nf3 Nf6 3. Nc3 Bc5 4. Bc4 Nc6 5. O-O d6 6. d3 h6 7. Na4 Bb6 8. Nxb6 axb6 9. c3 Bd7 10. Re1 Na5 11. Nd2 b5 12. Bb3 Nxb3 13. Nxb3 O-O 14.
f4 exf4 15. Bxf4 Be6 16. Nd4 Qd7 17. a3 c5 18. Nf3 Rfe8 19. Qd2 Nh7 20. d4 Bg4 21. dxc5 dxc5 22. Qxd7 Bxd7 23. Ne5 Be6 24. Rad1 Nf6 25. Nd3 b6 26. Nf2 Bb3 27. Rd6 Re6 28.
Rxe6 Bxe6 29. Rd1 Kf8 30. Bc7 Nd7 31. e5 Ra4 32. Rd6 b4 33. cxb4 cxb4 34. Bxb6 bxa3 35.
bxa3 Nxe5 36. Bc5 Kg8 37. h3 Nc4 38. Rd8+ Kh7 39. Rb8 Nxa3 40. Bxa3 Rxa3 41. Kh2 Ra2 42. Kg3 g5 43. Rb5 Kg6 44. Ng4 h5 45. Ne5+ Kg7 46. Nf3 f6 47. Rb7+ Kg6 48. Rb6 h4+ 49. Kh2 Bd5 50. Ne1 Re2 51. Rd6 Bb7 52. Rb6 Be4 53. Nd3 Bxd3 0-1

[Event "Late-Titled-Tuesday-Blitz-April-30-2024"]
[Site "Chess.com"]
[Date "2024.04.30"]
[Round "11"]
[White "grzechu96"]
[Black "bascheyaro"]
[Result "1/2-1/2"]
[WhiteElo "2794"]
[BlackElo "2857"]
[TimeControl "180+1"]
[EndTime "16:05:23 PDT"]
[Termination "Game drawn by repetition"]

1. e4 e6 2. d4 d5 3. Nc3 Bb4 4.
exd5 exd5 5. Bd3 Nf6 6. Ne2 O-O 7. O-O Bg4 8. f3 Bh5 9. Nf4 Bg6 10. Nxg6 hxg6 11.
Bg5 c6 12. f4 Nbd7 13. f5 gxf5 14. Bxf5 Be7 15. Qf3 Re8 16. Qh3 Nf8 17. Rf4 Qd6 18. Rh4 Ng6 19. Bxf6 Bxf6 20. Rh8+ Nxh8 21. Qh7+ Kf8 22. Qxh8+ Ke7 23. Re1+ Qe6 24. Rxe6+ fxe6 25. Qh5 Bxd4+ 26. Kh1 exf5 27. Qxf5 Rf8 28. Qd3 Rae8 29. g3 Bb6 30. Na4 Kd7 31. Nxb6+ axb6 32. Kg2 Re7 33.
a4 Kc7 34. b4 Rfe8 35. h4 Re2+ 36. Kh3 R8e7 37. a5 bxa5 38. bxa5 R2e4 39. Qb3 Rc4 40.
Qd3 Kb8 41. Qd2 Ka7 42. Qg5 Rce4 43. Qd2 Ka6 44. Qc3 Ka7 45. Qc5+ Kb8 46. Qb6 Rc7 47. a6 Ra4 48. axb7 Rc4 49. Qb2 d4 50. Qb3 Rc3 51. Qg8+ Kxb7 52. Qd8 c5 53. Qd5+ Kb6 54. Qe4 Rc6 55.
h5 Re3 56. Qf5 Rf6 57. Qc8 Rf1 58. Qb8+ Kc6 59. Qc8+ Kd6 60. Qb8+ Kc6 61. Qa8+ Kb6 62. Qb8+ Kc6 1/2-1/2

[Event "Late-Titled-Tuesday-Blitz-April-30-2024"]
[Site "Chess.com"]
[Date "2024.04.30"]
[Round "11"]
[White "Dhaydon19"]
[Black "ameetghasi100"]
[Result "0-1"]
[WhiteElo "2616"]
[BlackElo "2797"]
[TimeControl "180+1"]
[EndTime "16:05:23 PDT"]
[Termination "ameetghasi100 won by resignation"]

1. e4 g6 2. Nf3 Bg7 3. d4 d6 4. Bc4 Nf6 5. Qe2 O-O 6. Nc3 c6 7. h3 b5 8. Bd3 Qc7 9. e5 dxe5 10.
dxe5 Nfd7 11. e6 fxe6 12. O-O Nc5 13. Re1 Nbd7 14. Be3 b4 15. Ne4 Nxe4 16. Bxe4 Bxb2 17. Bh6 Rf6 18. Rad1 Bc3 19. Rf1 Nc5 20. Bg5 Nxe4 21.
Qxe4 Rf5 22. g4 Rd5 23. Bf4 Qd8 24. Rd3 Bd7 25. Rfd1 Qf8 26. Ne5 Rd8 27. Nxd7 R8xd7 28. Qxe6+ Qf7 29. Qe4 e5 30. Bh6 Rxd3 31. Rxd3 Rxd3 32. cxd3 Qd5 33. Qe3 Bd4 34. Qc1 c5 35. Qc2 Qf7 36. Qe2 Qd5 37. Qc2 Kf7 38. Qa4 Ke6 39. Qe8+ Kd6 40.
Bf8+ Kc7 41. Qe7+ Qd7 42. Qf6 Kb7 43. Kf1 a5 44. Qg7 Qxg7 45. Bxg7 Kc6 46. Ke2 Kd5 47. Kd1 a4 48. Kc2 e4 49. dxe4+ Kxe4 50. f3+ Kxf3 51.
Bxd4 cxd4 52. Kd3 b3 53. axb3 axb3 54. Kd2 Kg3 55. Kd3 Kxh3 56. Kxd4 b2 0-1

[Event "Late-Titled-Tuesday-Blitz-April-30-2024"]
[Site "Chess.com"]
[Date "2024.04.30"]
[Round "11"]
[White "FabianoCaruana"]
[Black "MatthewG-p4p"]
[Result "1-0"]
[WhiteElo "3082"]
[BlackElo "2887"]
[TimeControl "180+1"]
[EndTime "16:05:25 PDT"]
[Termination "FabianoCaruana won on time"]

1. c4 e6 2. Nc3 d5 3. d4 c6 4. e3 f5 5. Nf3 Nf6 6. Bd3 Bd6 7. O-O O-O 8. Ne5 Nbd7 9. f4 Ne4 10. Bd2 Nxe5 11. fxe5 Nxd2 12. Qxd2 dxc4 13. exd6 cxd3 14. Qxd3 Qxd6 15. Rad1 Bd7 16. Qc4 b6 17. Ne2 Kh8 18. Nf4 Rad8 19. a3 e5 20. dxe5 Qxe5 21. Rd3 g5 22. Ne2 Be6 23. Qc2 c5 24. Nc3 c4 25.
Rxd8 Qxe3+ 26. Qf2 Qxf2+ 27. Kxf2 Rxd8 28. Ke2 Kg7 29. g3 Kf6 30. a4 Ke5 31. Re1 Rd3 32. a5 f4 33. gxf4+ Kxf4 34. Rf1+ Ke5 35. a6 Bg4+ 36.
Ke1 Rf3 37. Rg1 h5 38. Rg2 Re3+ 39. Kd2 Rd3+ 40. Ke1 Rd6 41. h3 Bxh3 42. Rxg5+ Bf5 43. Nb5 Rd7 44. Rxh5 Kf4 45. Rh6 Bg4 46. Rf6+ Ke3 47.
Rd6 Rh7 48. Kf1 Bf3 49. Rg6 Be4 50. Rg3+ Bf3 51. Nxa7 Rxa7 52. Rg6 Rxa6 53. Re6+ 1-0

[Event "Late-Titled-Tuesday-Blitz-April-30-2024"]
[Site "Chess.com"]
[Date "2024.04.30"]
[Round "11"]
[White "Carlitus2004"]
[Black "rhwr"]
[Result "0-1"]
[WhiteElo "2466"]
[BlackElo "2308"]
[TimeControl "180+1"]
[EndTime "16:05:27 PDT"]
[Termination "rhwr won by checkmate"]

1. e4 c5 2. Nf3 d6 3. Bb5+ Nd7 4.
O-O a6 5. Bd3 Ngf6 6. Re1 e5 7. c3 Be7 8. Bc2 O-O 9. d4 Qc7 10.
dxe5 dxe5 11. c4 b5 12. Nc3 b4 13. Nd5 Nxd5 14. exd5 f5 15. Ng5 Bxg5 16. Bxg5 Qd6 17. Qe2 g6 18. Ba4 e4 19. Bxd7 Bxd7 20. Qe3 Rac8 21. b3 Qe5 22. Bf4 Qd4 23. Rad1 Qxe3 24. fxe3 Rfe8 25. h4 Kf7 26. Kf2 a5 27. h5 Rg8 28.
hxg6+ hxg6 29. Rh1 g5 30. Be5 Kg6 31. Rh2 Rge8 32.
Bd6 Rh8 33. Rdh1 Rxh2 34. Rxh2 a4 35. Be7 axb3 36. axb3 Ra8 37. Bxc5 Ra2+ 38. Kg3 Rb2 39. Bxb4 Rxb3 40. Bc5 Rc3 41. Bd4 f4+ 42. Kf2 Rxc4 43.
Rh8 Rc2+ 44. Ke1 Rxg2 45. exf4 Bg4 46. Rg8+ Kf5 47. Rf8+ Kg6 48. Rf6+ Kh5 49. fxg5 Kxg5 50. Rf8 Re2+ 51. Kf1 Kh4 52. Be5 Rd2 53. Rh8+ Kg5 54. d6 Kf5 55. Bg3 e3 56. Rf8+ Ke4 57. Re8+ Kf3 58.
Rf8+ Kxg3 59. Ke1 Rd1# 0-1

[Event "Late-Titled-Tuesday-Blitz-April-30-2024"]
[Site "Chess.com"]
[Date "2024.04.30"]
[Round "11"]
[White "SpeedofLight0"]
[Black "RandomNoob04"]
[Result "1/2-1/2"]
[WhiteElo "3008"]
[BlackElo "2747"]
[TimeControl "180+1"]
[EndTime "16:05:28 PDT"]
[Termination "Game drawn - insufficient material"]

1. a3 d5 2. b3 e5 3. e3 Nf6 4.
c4 d4 5. d3 c5 6. e4 Nc6 7. g3 h5 8. h3 h4 9. g4 Ng8 10. f4 exf4 11. Bxf4 Bd6 12. Qc1 Nge7 13. Ra2 Ng6 14. Bxd6 Qxd6 15. Rf2 Be6 16. Nf3 O-O-O 17.
Bg2 Qg3 18. Qd2 Nce5 19. Kf1 Nxg4 20. hxg4 h3 21. Bxh3 Rxh3 22. Rg1 Qd6 23. Ke1 Rdh8 24. Kd1 Rh1 25. Qe1 Rxg1 26. Qxg1 Nf4 27. Kc2 Nh3 28. Qh1 Bxg4 29. Ng5 Rh5 30. Nxh3 Rxh3 31. Qg2 Qg6 32. Nd2 Be6 33. Qxg6 fxg6 34. b4 b6 35. bxc5 bxc5 36. Nb3 Rh5 37. Rg2 Bf7 38. Rf2 Be6 39. a4 Kd7 40. a5 Ke7 41. a6 Bc8 42. Na5 Bxa6 43. Nc6+ Kd6 44. Nxa7 Kc7 45. Rf7+ Kb6 46. Rxg7 Rh2+ 47. Kd1 Rh3 48. Ke2 Rh2+ 49. Kf3 Rh3+ 50.
Ke2 Rh2+ 51. Kf3 Rd2 52. Kf4 Rxd3 53. e5 Re3 54. Rd7 Bxc4 55. Nc8+ Kc6 56. Rd6+ Kc7 57. Ne7 Re1 58. Nxg6 d3 59. Kf5 Rf1+ 60. Nf4 Rf2 61. Ke4 d2 62. Ke3 Rh2 63. Rxd2 Rxd2 64. Kxd2 Bf7 65. Ke3 c4 66. Kd4 Kd7 67. Nh3 Ke7 68. Ng5 Bg8 69. Ne4 Be6 70. Nd6 Bg8 71. Nf5+ Kd7 72.
Nh6 Be6 73. Kc3 Ke7 74. Kd4 Kd7 75. Kc3 Kc6 76. Nf5 Bxf5 77. Kxc4 Be6+ 78. Kd4 Kd7 79. Ke4 Ke7 80. Kf4 Kf7 81. Kg5 Kg7 82. Kf4 Kf7 83. Ke4 Ke7 84. Kd4 Kd7 85. Kc5 Kc7 86. Kb4 Kc6 87.
Kc3 Kd5 88. Kd2 Kxe5 1/2-1/2

[Event "Late-Titled-Tuesday-Blitz-April-30-2024"]
[Site "Chess.com"]
[Date "2024.04.30"]
[Round "11"]
[White "reevecanada"]
[Black "TheoSlade"]
[Result "0-1"]
[WhiteElo "2619"]
[BlackElo "2475"]
[TimeControl "180+1"]
[EndTime "16:05:28 PDT"]
[Termination "TheoSlade won by resignation"]

1. e4 e5 2. Nf3 Nc6 3. a3 Nf6 4. b4 Nxe4 5. Qe2 d5 6. d3 Nf6 7. Nxe5 Nxe5 8. Qxe5+ Be7 9. Be2 O-O 10. O-O Re8 11. Bf3 Bxb4 12. Qg5 Bd6 13. Bb2 Be6 14. Nd2 h6 15. Qh4 Ng4 16. Qxd8 Raxd8 17. g3 Ne5 18. Bg2 c6 19. h3 Bf5 20. g4 Bc8 21. Rfe1 Ng6 22. c4 Nf4 23. Bf1 Bc5 24. Nb3 Bb6 25.
Be5 Ng6 26. Bg3 f5 27. c5 f4 28. cxb6 fxg3 29. bxa7 gxf2+ 30. Kxf2 Rf8+ 31. Kg3 Bd7 32. Nc5 b6 33. Na4 Ra8 34. Nxb6 Rxa7 35. d4 Rb8 36. Nxd7 Rxd7 37. Rab1 Ra8 38. Rb3 Rda7 39. Ree3 Ra4 40. Rec3 Rxd4 41. Rxc6 Ne5 42. Re6 Nc4 43. Re7 Rxa3 44.
Rxa3 Nxa3 45. Rd7 Rd1 46. Be2 Rd2 47. Bf3 Rd3 48. Kf2 d4 49. Bd5+ Kf8 50. Ra7 Rxh3 51. Rf7+ Ke8 52. Rxg7 d3 53. Ra7 Nc2 54. Bf7+ Kf8 55.
Bg6 Nd4 56. Kg2 Re3 57. Kf2 Re2+ 58. Kf1 d2 59. Ra1 Rh2 60. Kg1 Nf3+ 61. Kf1 Rh1+ 62. Ke2 Rxa1 63. Kxf3 d1=Q+ 64. Kg3 Qb3+ 0-1

[Event "Late-Titled-Tuesday-Blitz-April-30-2024"]
[Site "Chess.com"]
[Date "2024.04.30"]
[Round "11"]
[White "rikchessmx"]
[Black "H3nriqueTV"]
[Result "0-1"]
[WhiteElo "2279"]
[BlackElo "2424"]
[TimeControl "180+1"]
[EndTime "16:05:31 PDT"]
[Termination "H3nriqueTV won by resignation"]

1. e4 c5 2. Nf3 b6 3. d4 cxd4 4. Nxd4 Bb7 5. Nc3 a6 6. Bd3 e6 7. O-O Qc7 8. Be3 Nc6 9. Re1 Nf6 10. Nd5 exd5 11. exd5 Ne5 12. Bf4 d6 13. Nf5 O-O-O 14. c4 g6 15. Bg5 Ned7 16. Nd4 h6 17. Be3 Ne5 18. Bf1 Nfg4 19. Bf4 Bg7 20. Rc1 Rhe8 21. h3 Nf6 22. b4 Nh5 23. Bh2 Nd7 24. Rxe8 Rxe8 25.
c5 bxc5 26. bxc5 Nxc5 27. Nb3 Be5 28. Nxc5 Bxh2+ 29. Kxh2 dxc5+ 30. d6 Qc6 31. Kg1 Kd7 32. Qb3 Re6 33. Rd1 Nf4 34. Qg3 g5 35. h4 Rxd6 36. Rxd6+ Qxd6 37. hxg5 hxg5 38. Qxg5 Ne6 39.
Qf6 Qe7 40. Qc3 Kc7 41. Qa5+ Kb8 42. Bxa6 Bxa6 43. Qxa6 Qd7 44. Qb6+ Kc8 45. Kh2 Qd4 46.
a4 Qxf2 47. a5 Qf4+ 48. Kg1 Qc7 49. Qa6+ Qb7 50. Qd6 Qc7 51. Qa6+ Kd8 52. Qa8+ Ke7 53. a6 c4 54. a7 Qb6+ 55. Kh1 Qb1+ 56. Kh2 Nc7 57. Qb8 Kd7 58. Qxc7+ Kxc7 59. a8=Q Qf5 60. Qa7+ Kd6 61. Qb8+ Kd5 62. Qd8+ Ke4 63. Qe7+ Qe5+ 64.
Qxe5+ Kxe5 65. Kg3 Ke4 66. Kf2 Kd3 0-1

[Event "Late-Titled-Tuesday-Blitz-April-30-2024"]
[Site "Chess.com"]
[Date "2024.04.30"]
[Round "11"]
[White "Navyblue1"]
[Black "Nemsko"]
[Result "1/2-1/2"]
[WhiteElo "2255"]
[BlackElo "2431"]
[TimeControl "180+1"]
[EndTime "16:05:34 PDT"]
[Termination "Game drawn by repetition"]

1. d4 Nf6 2. c4 e6 3. Nf3 b6 4. g3 Ba6 5. Qc2 d5 6. cxd5 exd5 7.
Bg2 Be7 8. O-O O-O 9. Nc3 c6 10. Re1 Nbd7 11. e4 dxe4 12. Nxe4 Nxe4 13. Qxe4 Bf6 14. Qxc6 Rc8 15. Qa4 Nb8 16. Be3 Bb7 17. Qxa7 Bd5 18. Qa4 Nc6 19. Red1 Ra8 20. Qb5 Ra5 21.
Qd3 Nb4 22. Qd2 Nxa2 23. Ne1 Bxg2 24. Nxg2 Qd6 25. Nf4 Rfa8 26. Ne2 Nb4 27. Rxa5 bxa5 28. Nc3 Re8 29. Ra1 Nc6 30. d5 Ne5 31. Qe2 h5 32. Qxh5 Nc4 33. Nd1 Re5 34. Qe2 Rxd5 35. Qxc4 Rxd1+ 36. Rxd1 Qxd1+ 37. Kg2 Qd7 38. b3 Qb7+ 39. Kf1 Qh1+ 40.
Ke2 Qxh2 41. Qc8+ Kh7 42. Qf5+ Kg8 43. Qc8+ Kh7 44. Qf5+ Kg8 45. Qxa5 Qg2 46. Qb5 Qe4 47. Qb8+ Kh7 48. Qb5 g6 49. Qd3 Qg4+ 50. Kf1 Qh3+ 51. Ke2 Qg4+ 52. Ke1 Qh3 53. Qc4 Qh1+ 54. Ke2 Kg7 55.
Qd3 Qa1 56. Kf3 Qa8+ 57. Ke2 Qa2+ 58. Bd2 Qa7 59. Qe3 Qb7 60. Qd3 Qe7+ 61. Qe3 Qb7 62. Qf3 Qb5+ 63. Qd3 Qe5+ 64. Be3 Qb2+ 65. Bd2 Qe5+ 66.
Be3 Qh5+ 67. Ke1 Qh1+ 68. Ke2 Qh5+ 69. Kd2 Qa5+ 70. Ke2 Qh5+ 1/2-1/2

[Event "Late-Titled-Tuesday-Blitz-April-30-2024"]
[Site "Chess.com"]
[Date "2024.04.30"]
[Round "11"]
[White "rhungaski"]
[Black "carloseduar100"]
[Result "1-0"]
[WhiteElo "2540"]
[BlackElo "2249"]
[TimeControl "180+1"]
[EndTime "16:05:36 PDT"]
[Termination "rhungaski won by resignation"]

1. e4 e6 2. d4 d5 3. Nc3 Nf6 4. e5 Nfd7 5. Nce2 c5 6. c3 Nc6 7. Nf3 Qb6 8. a3 cxd4 9. cxd4 f6 10. Nf4 fxe5 11. Nxe6 Nxd4 12. Nfxd4 exd4 13. Qh5+ g6 14. Qxd5 Nf6 15. Qb5+ Qxb5 16. Bxb5+ Bd7 17. Bxd7+ Kxd7 18. Nxd4 Re8+ 19. Be3 Nd5 20. O-O-O Nxe3 21. fxe3 Kc8 22.
Rd3 Bh6 23. Kd2 Rhf8 24. Ke2 a6 25. Rc1+ Kb8 26. b4 Re4 27. Nf3 Rfe8 28. Rcc3 Ka7 29.
Rb3 Kb6 30. a4 Ka7 31. g3 Rc8 32. Nd2 Re6 33. b5 axb5 34. Rxb5 Rc2 35. Kd1 Ra2 36.
Ra5+ Kb6 37. Nc4+ Kc7 38. Rc5+ Kb8 39. a5 Ka7 40. Rc8 Rxh2 41. Nb6 Rxb6 42. axb6+ Kxb6 43. Rb3+ Ka7 44. Rc7 Rh1+ 45. Ke2 Rh2+ 46. Kf3 Ka6 47.
Rxh7 Rh5 48. Kg2 b5 49. Rh8 Ka5 50. Ra8+ Kb6 51. Rb8+ Kc6 52. g4 Re5 53. Kf3 Rc5 54. Rg8 g5 55. Rg6+ Kd5 56. Rxh6 Kc4 57. Rb1 b4 58. Rc1+ Kb5 59. Rxc5+ Kxc5 60. Rh5 b3 61.
Rxg5+ Kc4 62. Rh5 b2 63. Rh1 Kc3 64. Rb1 Kc2 65. Rxb2+ Kxb2 66. Ke4 Kb3 67. g5 Kc4 68. g6 Kc5 69. g7 Kd6 70. g8=Q 1-0

[Event "Late-Titled-Tuesday-Blitz-April-30-2024"]
[Site "Chess.com"]
[Date "2024.04.30"]
[Round "11"]
[White "Statham_01"]
[Black "lupta_robin"]
[Result "1-0"]
[WhiteElo "2651"]
[BlackElo "2625"]
[TimeControl "180+1"]
[EndTime "16:05:38 PDT"]
[Termination "Statham_01 won by resignation"]

1. e4 g6 2. d4 Nf6 3. e5 Nh5 4. Nf3 d6 5. Nc3 dxe5 6. Nxe5 Bg7 7. Bc4 e6 8. Be3 O-O 9. Qd2 c5 10. O-O-O cxd4 11. Bxd4 Qc7 12. Nb5 Qd8 13. Bc3 Qxd2+ 14. Rxd2 Nc6 15. Nxc6 bxc6 16. Bxg7 Kxg7 17. Nd6 Nf4 18.
g3 Nd5 19. Be2 a5 20. c4 Nb4 21. a3 Na6 22. Bf3 Nc5 23. Bxc6 Rb8 24. Kc2 Ba6 25. Bb5 Bxb5 26. cxb5 Rb6 27. b4 axb4 28. axb4 Nb7 29.
Nxb7 Rxb7 30. Kb3 Rxb5 31. Rd4 Rc8 32. Rhd1 h5 33. h4 Rf5 34. f4 Rb5 35. Rc4 Rcb8 36. Rd7 e5 37. Kc3 exf4 38. Rxf4 Rc8+ 39. Kb3 Rf8 40.
Rc7 Rb6 41. Kc4 Rf6 42. Rxf6 Kxf6 43. b5 g5 44. b6 Kf5 45. b7 Rb8 46. Rxf7+ Kg4 47.
Rg7 Kxg3 48. hxg5 h4 49. Kc5 h3 50. Kc6 Rh8 51. Rd7 h2 52. Rd1 Kg4 53. g6 Rd8 54.
Rh1 Kg3 55. Kc7 Rg8 56. b8=Q Rg7+ 57. Kc8+ Kg2 58. Qxh2+ 1-0

[Event "Late-Titled-Tuesday-Blitz-April-30-2024"]
[Site "Chess.com"]
[Date "2024.04.30"]
[Round "11"]
[White "WPWPWP-2015"]
[Black "xasid81"]
[Result "0-1"]
[WhiteElo "2482"]
[BlackElo "2649"]
[TimeControl "180+1"]
[EndTime "16:05:38 PDT"]
[Termination "xasid81 won by resignation"]

1. e4 a6 2. d4 e6 3. Nc3 d5 4. Nf3 Nf6 5. Bd3 dxe4 6. Nxe4 Nxe4 7. Bxe4 Nd7 8. O-O Nf6 9. Bd3 c5 10. Re1 cxd4 11. Nxd4 Be7 12. c3 O-O 13. Qc2 Qc7 14. h3 b5 15. Bg5 h6 16. Bh4 Bb7 17. Bg3 Bd6 18. Bxd6 Qxd6 19. Qe2 Rfe8 20. Qe5 Qxe5 21.
Rxe5 Nd7 22. Re2 Rad8 23. a4 Nc5 24. Bc2 e5 25. Nf5 bxa4 26. Bxa4 Nxa4 27. Rxa4 Bc6 28. Rb4 h5 29. c4 g6 30. Ne3 Rb8 31. Rxb8 Rxb8 32.
g4 h4 33. Rd2 Be4 34. Kf1 a5 35.
Ke2 Rb3 36. f3 Bc6 37. g5 Kf8 38. Kf2 Ke8 39. Rc2 Kd7 40. Rd2+ Ke6 41. c5 Ke7 42.
Ke2 a4 43. Kf2 Ke8 44. Re2 Kd8 45. Rd2+ Kc7 46. Ke2 Kb7 47. Rc2 Ka6 48. Kf2 Kb5 49. Nc4 Rxf3+ 50. Ke2 Rxh3 51. Nd6+ Kb4 52. Rc1 Kb3 53.
Nxf7 Kxb2 54. Rg1 a3 55. Nxe5 Bb5+ 56. Kd2 a2 57. Nxg6 a1=Q 58. Rxa1 Kxa1 59. Nf4 Rg3 60. g6 h3 61. g7 h2 62. Nh5 Rg2+ 63. Kc3 h1=Q 64.
Kb4 Qb1+ 65. Ka5 Be8 0-1

[Event "Late-Titled-Tuesday-Blitz-April-30-2024"]
[Site "Chess.com"]
[Date "2024.04.30"]
[Round "11"]
[White "Individoom"]
[Black "WindWhistler11"]
[Result "1-0"]
[WhiteElo "2768"]
[BlackElo "2570"]
[TimeControl "180+1"]
[EndTime "16:05:45 PDT"]
[Termination "Individoom won on time"]

1. b3 Nf6 2. Bb2 e6 3. Nf3 c5 4. e3 b6 5. d4 Bb7 6. Bd3 cxd4 7.
exd4 d6 8. O-O Be7 9. c4 O-O 10. Nbd2 Nbd7 11. Re1 Re8 12. h3 Nf8 13. a4 Ng6 14. a5 bxa5 15. Bc3 Nf4 16. Bf1 h6 17. Bxa5 Qd7 18. b4 Nh7 19. g3 Ng6 20. Bg2 f5 21.
b5 Bf6 22. Bc3 e5 23. dxe5 dxe5 24. Nb3 Qf7 25. Na5 Be4 26. Nd2 Bxg2 27. Kxg2 Rad8 28. Nc6 Rd7 29. Qe2 e4 30. Bxf6 Nxf6 31. Nb3 f4 32. Kh2 Ne5 33. Nc5 Nf3+ 34. Kh1 Qh5 35. Qf1 Qxc5 36.
Red1 Qg5 37. Rxd7 Nxd7 38. Rxa7 Nc5 39. Qg2 Ne1 40. Qg1 Nf3 41. Qg2 Nd3 42. gxf4 Qxg2+ 43.
Kxg2 Nxf4+ 44. Kg3 Nd3 45. b6 Re6 46. Ne7+ Kh7 47. b7 Re5 48. h4 Rxe7 49. b8=Q Re6 50. h5 Re5 51. Qxe5 Nfxe5 52. Rc7 Kg8 53. c5 Nb4 54. Re7 Nbc6 55. Rc7 Kf8 56. Kf4 Nd3+ 57. Ke3 Nxc5 58. Rxc6 Nd7 59. Kxe4 Nf6+ 60. Kf5 Nxh5 61. Rc7 Kg8 62. f3 Kh7 63. Rd7 Nf6 64. Rf7 Ne8 65. Re7 Nd6+ 66. Ke6 Nc8 67. Rb7 h5 68. Kd7 1-0